 Dungeon Crawl Stone Soup version 0.31-a0-344-gd109795599 (webtiles) character file.

Game seed: 17560385489985122380

59 LeprechaunX the Ruffian (level 4, -5/28 HPs)
             Began as an Octopode Shapeshifter on July 21, 2023.
             Slain by a gnoll
             ... wielding a +0 club
              (6 damage)
             ... on level 3 of the Dungeon.
             The game lasted 00:01:40 (1783 turns).

LeprechaunX the Ruffian (Octopode Shapeshifter)     Turns: 1783, Time: 00:01:41

Health: -5/28      AC:  1    Str: 16    XL:     4   Next: 3%
Magic:  4/4        EV: 13    Int: 10    God:
Gold:   127        SH:  0    Dex: 12    Spells: 3/3 levels left

rFire   . .          .
                       - Unarmed
rCold   . . .        (no shield)
rNeg    . . .        (helmet currently unavailable)
rPois   .            (no amulet)
rElec   .            (no ring)
rCorr   .            (no ring)
SInv    .            (no ring)
Will    .....        (no ring)
Stlth   ++           (no ring)
HPRegen 0.24/turn    (no ring)
MPRegen 0.09/turn    (no ring)
                     (no ring)

%: no passive effects
@: beast-form
A: beast (slay +2), almost no armour, amphibious, 8 rings, camouflage 1,
gelatinous body 1, (nimble swimmer 1), tentacles
a: Begin Untransformation


You were on level 3 of the Dungeon.
You were a hulking beast.
You visited 1 branch of the dungeon, and saw 3 of its levels.

You collected 127 gold pieces.

Inventory:

Missiles
 i - 2 boomerangs of dispersal
Armour
 n - a +0 buckler
Talismans
 b - a beast talisman
Scrolls
 c - a scroll of vulnerability {unknown}
 f - a scroll of revelation {unknown}
 g - 2 scrolls of enchant armour {unknown}
 l - a scroll of identify {unknown}
 m - a scroll of enchant weapon {unknown}
 p - 2 scrolls of noise {unknown}
 q - a scroll of poison {unknown}
Potions
 a - a potion of lignification
 d - a potion of might {unknown}
 e - a potion of berserk rage {unknown}
 h - a potion of magic {unknown}
 j - 2 potions of mutation {unknown}
 k - a potion of heal wounds {unknown}
 o - a potion of curing {unknown}


   Skills:
 - Level 1.0 Fighting
 - Level 2.0 Dodging
 * Level 4.0 Unarmed Combat
 * Level 3.7 Shapeshifting


You had 3 spell levels left.
You didn't know any spells.
Your spell library was empty.

Dungeon Overview and Level Annotations

Branches:
Dungeon (3/15)

Altars:


Innate Abilities, Weirdness & Mutations

You are a hulking beast.
Your limbs bulge with bestial killing power. (Slay +2)
You cannot wear most types of armour.
You are amphibious.
You can wear up to eight rings at the same time.
Your skin changes colour to match your surroundings (Stealth+).
Your rubbery body absorbs attacks. (AC +1, EV +1)
((You are camouflaged when in or above water. (Stealth+)))
You have tentacles for arms and can constrict up to eight enemies at once.


Message History

You grab the gnoll.
You constrict the gnoll, but do no damage.
The gnoll escapes!
The giant cockroach waves its antennae.
You tentacle-slap the gnoll. You grab the gnoll. You squeeze the gnoll!
You kill the gnoll!
The orc wizard casts a spell at you.
You are confused.
You hear a shout! x2
Your Unarmed Combat skill increases to level 4!
You have reached level 4!
You tentacle-slap the gnoll.
The gnoll is heavily wounded. 2 orcs come into view.
Found 14 gold pieces.
The orc wizard points at you and mumbles some strange words.
The puff of flame hits you! The gnoll barely misses you. x2
You see here a scroll labelled PASOUT QIASH.
You bump into the rock wall.
The orc wizard misses you. The gnoll closely misses you.
The gnoll barely misses you.
You're too confused to move!
The orc wizard closely misses you. The gnoll hits you with a +0 club.
The gnoll barely misses you.
You bump into the rock wall.
You feel less confused.
The orc wizard casts a spell.
The orc wizard flickers and vanishes!
Deactivating autopickup; reactivate with Ctrl-A.
The gnoll closely misses you. The gnoll misses you.
You tentacle-slap the gnoll. You grab the gnoll.
The gnoll is severely wounded.
You constrict the gnoll. Something hits you. The gnoll misses you.
The gnoll hits you with a +0 flail!
Ouch! That really hurt!
* * * LOW HITPOINT WARNING * * *
You bludgeon the gnoll!
You kill the gnoll!
You hear some strange, mumbled words.
Something tries to affect you, but you resist.
The gnoll hits you with a +0 club.
You die...

..$. . ... # .
#####...##.. ##.
..#........ .#
#..###....#.....
...#.?..[..Bo...##.
###.#.....##{go.....
.......##.##h#
#..#..#....)#
#)....(....##.
####..........<
###.####.......##.#
..<....<.......# #
######..##......#
##...?.......
###..........


You could see a gnoll, 2 orcs and a giant cockroach.

Vanquished Creatures
  2 gnolls (D:3)
  An adder (D:2)
  A worm (D:2)
  3 ball pythons
  2 endoplasms (D:1)
  3 giant cockroaches
  2 goblins (D:2)
  2 hobgoblins (D:2)
  2 jackals (D:2)
  2 quokkas (D:1)
  5 bats (D:2)
  2 frilled lizards (D:1)
  5 kobolds
  6 rats
38 creatures vanquished.

Notes
Turn   | Place    | Note
-------+----------+-------------------------------------------
     0 | D:1      | LeprechaunX the Octopode Shapeshifter began the quest for
                  | the Orb.
     0 | D:1      | Reached XP level 1. HP: 13/13 MP: 1/1
   208 | D:1      | Reached XP level 2. HP: 18/18 MP: 2/2
  1354 | D:2      | Reached XP level 3. HP: 23/23 MP: 3/3
  1777 | D:3      | Reached skill level 4 in Unarmed Combat
  1777 | D:3      | Reached XP level 4. HP: 27/28 MP: 4/4
  1782 | D:3      | HP: 1/28 [gnoll/+0 flail (14)]
  1783 | D:3      | Slain by a gnoll

Illustrated notes

Levels and vault maps discovered:
D:1:      ncdulo_smallfort, layout_basic, serial_forest,
          infiniplex_forest_diagonal, infiniplex_forest_clump_curved,
          infiniplex_forest_end_double, infiniplex_forest_clump_small,
          infiniplex_forest_end_3, infiniplex_forest_clump_tiny,
          infiniplex_forest_end_2, infiniplex_forest_lined_corner
D:2:      minmay_wonky_spiral, layout_rooms, roderic_roman_lattice,
          chequers_serial_rivers_micro_a, nicolae_concentric_dashed_squares_wild
D:3:      layout_rooms, mainiacjoe_overflow_boulevard, tso_oasis_becter,
          okawaru_altar_gauntlet_db, hellmonk_ecumenical_altar_leap_of_faith,
          minmay_quantized, uniq_jessica

Skill      XL: |  1  2  3 |
---------------+----------+-----
Unarmed Combat | 4 |  4.0
Fighting       | |  1.0
Dodging        | |  2.0
Shapeshifting  | |  3.7

Action                     |  1- 3 |  4- 6 || total
---------------------------+-------+-------++-------
  Melee: Unarmed           |    61 |     3 ||    64
         Tentacles         |    12 |       ||    12
         Constrict         |    14 |     1 ||    15
         Punch             |     2 |       ||     2
   Stab: Sleeping          |    10 |       ||    10
 Armour: Skin              |     4 |       ||     4
  Dodge: Dodged            |    33 |    10 ||    43

Table legend: (Time is in decaauts)
 A = Elapsed time spent in this place.
 B = Non-inter-level travel time spent in this place.
 C = Inter-level travel time spent in this place.
 D = Time resting spent in this place.
 E = Time spent auto-exploring this place.
 F = Levels seen in this place.
 G = Mean time per level.
                   A        B        C        D        E       F      G
               +--------+--------+--------+--------+--------+-----+--------+
         Total |   1778 |   1668 |    110 |      4 |   1449 |   3 |  592.7 |
       Dungeon |   1778 |   1668 |    110 |      4 |   1449 |   3 |  592.7 |
               +--------+--------+--------+--------+--------+-----+--------+

Top non-repeatable levels by time:
     D:1: 1021 daAuts
     D:2: 741 daAuts
     D:3: 16 daAuts
